Map: Berlingrad LE

Players

Fester

  • Race: Protoss Protoss
  • League: Master
  • Spawn Location: 11:00

Warthog - Winner!

  • Race: Terran Terran
  • League: Diamond
  • Spawn Location: 5:00

VOD

Have the link to the VOD?

Description

Time

  • Played on: Dec. 7, 2021, 7:28 p.m.
  • Length: 6:18
Show
View Real Time Build Order
Export as new Build Order

Fester Protoss 

Build Orders:  

Get SALT Encoding   

  12  0:00  Probe  
  13  0:12  Probe  
  14  0:19  Pylon  
  14  0:24  Probe  
  15  0:37  Probe (Chrono Boost)  
  15  0:41  Gateway  
  16  0:46  Probe (Chrono Boost)  
  16  0:47  Assimilator  
  17  0:51  Probe  
  18  1:03  Probe  
  18  1:22  Probe  
  19  1:30  Cybernetics Core  
  19  1:39  Assimilator  
  19  1:49  Nexus  
  19  1:50  Probe  
  19  1:51  Pylon  
  20  2:02  Probe  
  20  2:04  Stalker (Chrono Boost)  
  23  2:11  Warp Gate  
  23  2:14  Probe (Chrono Boost)  
  24  2:24  Probe (Chrono Boost)  
  25  2:31  Robotics Facility  
  25  2:35  Pylon  
  25  2:37  Probe  
  26  2:49  Probe  
  27  2:57  Stalker  
  29  3:04  Probe (Chrono Boost)  
  30  3:06  Probe (Chrono Boost)  
  31  3:16  Probe (Chrono Boost)  
  31  3:17  Probe (Chrono Boost)  
  31  3:18  Observer  
  34  3:23  Probe (Chrono Boost)  
  34  3:25  Probe (Chrono Boost), Pylon  
  36  3:28  Probe (Chrono Boost)  
  37  3:37  Twilight Council  
  37  3:38  Probe  
  37  3:40  Probe  
  37  3:41  Stalker, Pylon  
  41  3:50  Probe  
  41  3:51  Immortal  
  41  3:53  Probe  
  48  4:02  Probe  
  48  4:05  Probe  
  49  4:11  Charge (Chrono Boost)  
  49  4:15  Probe  
  50  4:17  Probe  
  50  4:23  Gateway x2  
  51  4:25  Gateway  
  51  4:30  Gateway  
  51  4:38  Observer  
  52  4:42  Gateway  
  52  4:45  Gateway  
  52  4:47  Gateway  
  52  4:51  Adept  
  53  4:59  Probe (Chrono Boost)  
  45  5:04  Probe (Chrono Boost)  
  35  5:11  Probe (Chrono Boost)  
  33  5:18  Probe (Chrono Boost)  
  33  5:19  Probe (Chrono Boost)  
  33  5:26  Probe (Chrono Boost)  
  35  5:30  Probe (Chrono Boost)  
  36  5:37  Probe (Chrono Boost)  
  36  5:40  Probe (Chrono Boost)  
  36  5:41  Probe (Chrono Boost)  
  37  5:44  Sentry x3  
  44  5:50  Probe  
  44  5:52  Probe  
  46  6:02  Probe  
  46  6:04  Probe  
Show
View Real Time Build Order
Export as new Build Order

Warthog Terran - Winner!

Build Orders:  

Get SALT Encoding   

  12  0:00  SCV  
  13  0:12  SCV  
  14  0:17  Supply Depot  
  14  0:24  SCV  
  15  0:39  SCV  
  15  0:40  Barracks  
  16  0:44  Refinery  
  16  0:51  SCV  
  17  1:03  SCV  
  18  1:19  SCV  
  19  1:28  Marine  
  19  1:31  Orbital Command  
  20  1:46  Command Center  
  20  1:49  Barracks Reactor  
  20  1:57  SCV  
  21  2:04  Supply Depot  
  21  2:09  SCV  
  22  2:16  Factory  
  22  2:21  SCV  
  23  2:23  Refinery  
  23  2:25  Marine  
  23  2:26  Marine  
  25  2:34  SCV  
  26  2:43  Marine  
  27  2:44  Marine  
  27  2:49  SCV, Bunker  
  29  2:59  Orbital Command  
  28  3:06  Starport  
  28  3:07  Hellion  
  30  3:13  SCV  
  31  3:20  Marine x2  
  31  3:25  SCV  
  31  3:26  SCV  
  35  3:34  Supply Depot, Hellion  
  35  3:37  SCV  
  35  3:40  SCV  
  39  3:43  Medivac  
  41  3:48  Marine  
  41  3:49  Marine  
  41  3:50  SCV  
  41  3:52  SCV  
  45  3:56  Hellion  
  47  4:04  SCV  
  47  4:07  Supply Depot  
  48  4:10  Barracks  
  48  4:11  Barracks  
  48  4:12  SCV  
  48  4:16  SCV  
  50  4:24  SCV, Factory Tech Lab, Marine x2, Starport Tech Lab  
  50  4:28  SCV  
  50  4:29  Supply Depot  
  54  4:36  SCV  
  55  4:40  SCV  
  55  4:42  Marine x2  
  58  4:49  SCV  
  59  4:59  SCV  
  52  5:09  SCV  
  52  5:10  Barracks Tech Lab x2, Siege Tank  
  52  5:11  SCV, Raven, Marine x2  
  59  5:14  Supply Depot  
  59  5:20  Engineering Bay, Command Center  
  59  5:21  Engineering Bay, SCV  
  60  5:22  Refinery  
  60  5:23  Refinery  
  60  5:28  Marine x2  
  56  5:29  Bunker, Marine  
  59  5:42  Siege Tank  
  62  5:43  SCV  
  62  5:44  SCV  
  65  5:55  SCV  
  65  6:03  SCV  
Tags
 
Add a new tag
Caveats
  • Supply blocks, unpowered buildings, or Contaminate may cause inaccurate times.
  • Supply counts are checked every 10 seconds.